 Dungeon Crawl Stone Soup version 0.27.1-1-g398f81649c (webtiles) character file.

Game seed: 7982518411615856983

25 nxtlvl the Ducker (level 2, 0/24 HPs)
             Began as a Minotaur Necromancer on Sept 10, 2021.
             Slain by an adder (4 damage)
             ... on level 3 of the Dungeon.
             The game lasted 00:03:29 (568 turns).

nxtlvl the Ducker (Minotaur Necromancer)             Turns: 568, Time: 00:03:30

Health: 0/24       AC:  2    Str: 12    XL:     2   Next: 86%
Magic:  3/3        EV: 12    Int: 12    God:
Gold:   38         SH:  0    Dex: 10    Spells: 2/3 levels left

rFire    . . .     SeeInvis .   a - +0 falchion
rCold    . . .     Faith    .   (no shield)
rNeg     . . .     Spirit   .   h - +0 robe
rPois    .         Reflect  .   (helmet restricted)
rElec    .         Harm     .   (no cloak)
rCorr    .         Rampage  .   (no gloves)
Will     .....                  (no boots)
Stlth    ++........             (no amulet)
HPRegen  0.08/turn              (no ring)
MPRegen  0.08/turn              (no ring)

@: no status effects
A: horns 2, retaliatory headbutt
a: no special abilities


You were on level 3 of the Dungeon.
You visited 1 branch of the dungeon, and saw 3 of its levels.

You collected 38 gold pieces.

Inventory:

Hand Weapons
 a - a +0 falchion (weapon)
Missiles
 d - 17 arrows
 f - 4 boomerangs (quivered)
Armour
 h - a +0 robe (worn)
Scrolls
 b - a scroll of enchant armour {unknown}
 g - a scroll of holy word {unknown}
Potions
 c - a potion of curing {unknown}
 e - a potion of attraction {unknown}


   Skills:
 - Level 2.1 Fighting
 * Level 0.2 Long Blades
 - Level 3.0 Dodging
 - Level 1.5 Stealth
 - Level 1.3 Spellcasting
 - Level 2.9 Necromancy


You had 2 spell levels left.
You knew the following spells:

 Your Spells              Type           Power      Damage    Failure   Level
a - Pain                  Necr           28%        1d5       9%          1

Your spell library contained the following spells:

 Spells                   Type           Power      Damage    Failure   Level
 Animate Skeleton         Necr           14%        N/A       9%          1
 Vampiric Draining        Necr           3%         2d6       26%         3
 Animate Dead             Necr           3%         N/A       65%         4
 Agony                    Necr           7%         N/A       94%         5


Dungeon Overview and Level Annotations

Branches:
Dungeon (3/15)

Altars:


Innate Abilities, Weirdness & Mutations

You have a pair of horns on your head.
You reflexively headbutt those who attack you in melee.


Message History

* * * LOW HITPOINT WARNING * * *
Adjust (i)tems, (s)pells, or (a)bilities?
h - a +0 falchion Adjust to which letter? (? for menu, Esc to quit)
a - a +0 falchion;
h - a +0 robe (worn)
a - a +0 falchion (weapon)
The endoplasm closely misses you.
You hit the endoplasm. You headbutt the endoplasm.
You kill the endoplasm!
An endoplasm comes into view.
You see here an orc corpse.
Throw: 4 boomerangs
Press: ? - help, Q - select action, (/) - cycle Shift-Dir - straight line, f - endoplasm
Aim: an endoplasm (asleep, 98% to hit)
You throw a boomerang. The boomerang hits the endoplasm.
The endoplasm quivers.
The endoplasm is heavily wounded.
Throw: 4 boomerangs
Press: ? - help, Q - select action, (/) - cycle Shift-Dir - straight line, f/p - endoplasm
Aim: an endoplasm (heavily wounded, 85% to hit)
You throw a boomerang. The boomerang hits the endoplasm.
You kill the endoplasm!
Found a robe.
You see here a +0 robe.
An adder comes into view.
The adder hisses angrily.
Throw: 4 boomerangs
Press: ? - help, Q - select action, (/) - cycle Shift-Dir - straight line, f - adder
Aim: an adder (35% to hit)
You throw a boomerang. The boomerang closely misses the adder.
Throw: 4 boomerangs
Press: ? - help, Q - select action, (/) - cycle Shift-Dir - straight line, f/p - adder
Aim: an adder (35% to hit)
You throw a boomerang. The boomerang misses the adder.
You barely miss the adder. The adder bites you. The adder barely misses you.
You closely miss the adder. Your headbutt misses the adder.
The adder bites you.
* * * LOW HITPOINT WARNING * * *
The adder bites you.
You die...

#. .. ##.
.. # #.
#.#.#####
#.......#
#######S#
#..[..#@#
#.###.#.##
#.# #....#
####.#
######
#....#
#.##.#
#...##
###.# ..
#.#######
.


You could see an adder.

Vanquished Creatures
  A dart slug (D:1)
  An orc (D:3)
  2 endoplasms (D:3)
  4 goblins (D:1)
  3 hobgoblins
  A kobold (D:2)
  A quokka (D:1)
  A ball python (D:2)
  2 bats
  4 rats
20 creatures vanquished.

Notes
Turn   | Place    | Note
-------+----------+-------------------------------------------
     0 | D:1      | nxtlvl the Minotaur Necromancer began the quest for the
                  | Orb.
     0 | D:1      | Reached XP level 1. HP: 14/14 MP: 1/1
   175 | D:2      | Reached skill level 1 in Fighting
   273 | D:2      | Reached XP level 2. HP: 23/23 MP: 3/3
   412 | D:1      | Found a faded altar of an unknown god.
   443 | D:1      | Reached skill level 3 in Dodging
   568 | D:3      | Slain by an adder

Illustrated notes

Levels and vault maps discovered:
D:1:      lordsloth_arrival_two_stooges, layout_basic,
          dreamdust_ecumenical_altar_angels_and_demons, kennysheep_nondescript
D:2:      layout_basic, kennysheep_generic_room_10
D:3:      layout_basic, nicolae_ashenzari_skybound, st_stairs_9

Skill      XL: |  1  2 |
---------------+-------+-----
Fighting       | 1 2 |  2.1
Dodging        | 3 |  3.0
Long Blades    | |  0.2
Stealth        | |  1.5
Spellcasting   | |  1.3
Necromancy     | |  2.9

Action                   || total
-------------------------++-------
Melee: Unarmed           ||    52
       Headbutt          ||     5
       Falchion          ||     3
Throw: Boomerang         ||    13
 Stab: Sleeping          ||     4
Armor: Robe              ||     8
Dodge: Dodged            ||    30
